 Dungeon Crawl Stone Soup version 0.28.0-45-g0d030f2227 (webtiles) character file.

Game seed: 15934849462510681913

134 NinjaNoafa the Insei (level 5, -3/40 HPs)
             Began as a Gnoll Transmuter on Apr 11, 2022.
             Was an Initiate of Fedhas.
             Slain by Grinder (5 damage)
             ... on level 3 of the Dungeon.
             The game lasted 00:06:55 (2961 turns).

NinjaNoafa the Insei (Gnoll Transmuter)             Turns: 2961, Time: 00:06:56

Health: -3/40      AC:  2    Str: 10    XL:     5   Next: 17%
Magic:  11/12      EV: 13    Int: 14    God:    Fedhas [......]
Gold:   960        SH:  5    Dex: 12    Spells: 13/14 levels left

rFire   . . .      SeeInvis .   e - +2 short sword (drain)
rCold   . . .      Faith    .   (no shield)
rNeg    + . .      Spirit   .   a - +0 robe
rPois   .          Reflect  +   (helmet currently unavailable)
rElec   .          Harm     .   (no cloak)
rCorr   .          Rampage  .   (no gloves)
Will    .....                   (boots currently unavailable)
Stlth   ++........              l - amulet of reflection
HPRegen 0.13/turn               i - ring of positive energy
MPRegen 0.13/turn               (no ring)

@: brilliant, appendages
A: horns 2, talons 2, fangs 1, strong nose, distributed training
a: End Transformation, Renounce Religion


You were on level 3 of the Dungeon.
You worshipped Fedhas.
Fedhas was noncommittal.
You had temporarily grown beastly horns and talons.
You visited 1 branch of the dungeon, and saw 3 of its levels.

You collected 960 gold pieces.

Inventory:

Hand Weapons
 c - a +0 hunting sling
 e - a +2 short sword of draining (weapon)
Missiles
 d - 6 boomerangs
 f - 43 bolts
 h - 88 stones
 j - 34 arrows
 r - 21 sling bullets
 s - 4 poisoned darts
Armour
 a - a +0 robe (worn)
 b - a +2 hat (melded)
 n - a +0 chain mail of poison resistance
Jewellery
 i - a ring of positive energy (left hand)
 l - an amulet of reflection (around neck)


   Skills:
 + Level 2.9 Fighting
 + Level 1.4 Short Blades
 + Level 1.4 Long Blades
 + Level 1.4 Axes
 + Level 1.4 Maces & Flails
 + Level 1.4 Polearms
 + Level 1.4 Staves
 + Level 1.4 Slings
 + Level 1.4 Bows
 + Level 1.4 Crossbows
 + Level 1.4 Throwing
 + Level 1.4 Armour
 + Level 4.7 Dodging
 + Level 1.4 Stealth
 + Level 1.4 Shields
 + Level 6.6 Unarmed Combat
 + Level 5.1 Spellcasting
 + Level 1.1 Conjurations
 + Level 1.1 Hexes
 + Level 1.1 Summonings
 + Level 1.1 Necromancy
 + Level 1.1 Translocations
 + Level 3.9 Transmutations
 + Level 1.1 Fire Magic
 + Level 1.1 Ice Magic
 + Level 1.1 Air Magic
 + Level 1.1 Earth Magic
 + Level 1.1 Poison Magic
 + Level 1.5 Invocations
 + Level 1.4 Evocations


You had 13 spell levels left.
You knew the following spells:

 Your Spells              Type           Power      Damage    Failure   Level
a - Beastly Appendage     Tmut           44%        N/A       3%          1

Your spell library contained the following spells:

 Spells                   Type           Power      Damage    Failure   Level
 Wereblood                Tmut           22%        N/A       4%          2
 Spider Form              Tmut/Pois      16%        N/A       19%         3
 Tukima's Dance           Hex            10%        N/A       32%         3
 Ice Form                 Ice/Tmut       16%        N/A       52%         4
 Passage of Golubria      Tloc           10%        N/A       71%         4
 Yara's Violent Unravell  Hex/Tmut       8%         3d5       86%         5


Dungeon Overview and Level Annotations

Branches:
Dungeon (3/15)

Altars:
Fedhas
Kikubaaqudgha

Annotations:
D:3 Grinder


Innate Abilities, Weirdness & Mutations

You have temporarily grown beastly horns and talons.
You have very sharp teeth.
Your uncanny sense of smell can sniff out nearby items.
Your experience applies equally to all skills.


Message History

Grinder hits you but does no damage.
You hit Grinder.
Grinder is heavily wounded.
Grinder blinks!
You cannot move.
You cannot move.
The water moccasin zombie bites you but does no damage.
You hit the water moccasin zombie.
The water moccasin zombie is heavily damaged.
You block the water moccasin zombie's attack.
Grinder hits you.
You writhe in agony.
You hit the water moccasin zombie.
The water moccasin zombie is severely damaged.
You feel less wooden.
Your +2 hat unmelds from your body.
Your +0 robe unmelds from your body.
You block the water moccasin zombie's attack.
Grinder gestures at you. Pain shoots through your body!
* * * LOW HITPOINT WARNING * * *
Casting: Beastly Appendage (safe; 3% risk of failure)
Confirm with . or Enter, or press ? or * to list all spells.
You feel a surge of power!
You grow a pair of large bovine horns.
Your feet morph into talons.
Your +2 hat melds into your body.
The water moccasin zombie barely misses you.
Grinder hits you.
* * * LOW HITPOINT WARNING * * *
You hit Grinder.
Grinder is heavily wounded.
The water moccasin zombie bites you.
* * * LOW HITPOINT WARNING * * *
Grinder gestures at you. Pain shoots through your body!
* * * LOW HITPOINT WARNING * * *
You hit Grinder. Your kick misses Grinder. Your bite misses Grinder.
Grinder is heavily wounded.
You block the water moccasin zombie's attack.
Grinder hits you.
You die...
Fedhas appreciates your contribution to the ecosystem.

.# #.# #.###..#...#......##.
.# #.# ####.#
#..#...#......# . #.# #..#.#
#..#...######## #.#
#..#.###.>###.# #.#
#..#..........#
#.###..############ ####
#......# ######
....######.###########.....#
....#..........5@Z...'.....+
....###.##.###########.....#
....###.##..........# .....#
........###########.# .....#
#.......'...# #.# .....#
#.......###.# #.# .....#
#.......# #.# #.# ######
#.......# #.# #.# #.......#
#.# #.#


You could see Grinder and a water moccasin zombie.

Vanquished Creatures
  Robin (D:3)
  A gnoll (D:1)
  4 adders
  A worm (D:2)
  2 dart slugs (D:1)
  4 endoplasms
  A giant cockroach (D:3)
  10 goblins
  9 hobgoblins
  5 kobolds
  6 quokkas
  8 ball pythons
  3 bats
  4 frilled lizards
  3 rats
62 creatures vanquished.

Vanquished Creatures (collateral kills)
  A goblin (D:3)
1 creature vanquished.

Vanquished Creatures (others)
  A plant (D:3)
1 creature vanquished.

Grand Total: 64 creatures vanquished

Notes
Turn   | Place    | Note
-------+----------+-------------------------------------------
     0 | D:1      | NinjaNoafa the Gnoll Transmuter began the quest for the
                  | Orb.
     0 | D:1      | Reached XP level 1. HP: 17/17 MP: 6/6
   160 | D:1      | Reached XP level 2. HP: 10/23 MP: 4/7
   433 | D:1      | Reached XP level 3. HP: 20/27 MP: 7/9
   598 | D:1      | Reached skill level 5 in Spellcasting
   870 | D:1      | Reached skill level 1 in Invocations
  1104 | D:1      | Found a faded altar of an unknown god.
  1248 | D:2      | Reached skill level 1 in Short Blades
  1248 | D:2      | Reached skill level 1 in Long Blades
  1248 | D:2      | Reached skill level 1 in Axes
  1248 | D:2      | Reached skill level 1 in Maces & Flails
  1248 | D:2      | Reached skill level 1 in Polearms
  1248 | D:2      | Reached skill level 1 in Staves
  1248 | D:2      | Reached skill level 1 in Slings
  1248 | D:2      | Reached skill level 1 in Bows
  1248 | D:2      | Reached skill level 1 in Crossbows
  1248 | D:2      | Reached skill level 1 in Throwing
  1248 | D:2      | Reached skill level 1 in Armour
  1248 | D:2      | Reached skill level 1 in Stealth
  1248 | D:2      | Reached skill level 1 in Shields
  1248 | D:2      | Reached skill level 1 in Evocations
  1405 | D:2      | Reached XP level 4. HP: 19/34 MP: 11/11
  2004 | D:3      | Reached skill level 1 in Conjurations
  2004 | D:3      | Reached skill level 1 in Hexes
  2004 | D:3      | Reached skill level 1 in Summonings
  2004 | D:3      | Reached skill level 1 in Necromancy
  2004 | D:3      | Reached skill level 1 in Translocations
  2004 | D:3      | Reached skill level 1 in Fire Magic
  2004 | D:3      | Reached skill level 1 in Ice Magic
  2004 | D:3      | Reached skill level 1 in Air Magic
  2004 | D:3      | Reached skill level 1 in Earth Magic
  2004 | D:3      | Reached skill level 1 in Poison Magic
  2006 | D:3      | Found an ancient bone altar of Kikubaaqudgha.
  2012 | D:3      | Found a blossoming altar of Fedhas.
  2093 | D:3      | Became a worshipper of Fedhas Madash
  2322 | D:3      | Noticed Robin
  2331 | D:3      | Identified a scroll of acquirement
  2506 | D:3      | Acquired 863 gold pieces
  2601 | D:3      | Reached XP level 5. HP: 30/40 MP: 12/12
  2610 | D:3      | Killed Robin
  2923 | D:3      | Noticed Grinder
  2928 | D:3      | Paralysed by Grinder for 4 turns
  2960 | D:3      | HP: 2/40 [Grinder/nerve-wracking pain (1)]
  2961 | D:3      | Slain by Grinder

Illustrated notes

Levels and vault maps discovered:
D:1:      dpeg_arrival_pits, layout_rooms, shapermc_ecumenical_altar_notcrosses
D:2:      layout_rooms, dk_noncrumbling_2
D:3:      layout_basic, grunt_temple_overflow_growth_and_decay, uniq_robin,
          uniq_grinder

Skill      XL: |  1  2  3  4 |
---------------+-------------+-----
Spellcasting   | 5 |  5.1
Invocations    | 1 |  1.5
Short Blades   | 1 |  1.4
Long Blades    | 1 |  1.4
Axes           | 1 |  1.4
Maces & Flails | 1 |  1.4
Polearms       | 1 |  1.4
Staves         | 1 |  1.4
Slings         | 1 |  1.4
Bows           | 1 |  1.4
Crossbows      | 1 |  1.4
Throwing       | 1 |  1.4
Armour         | 1 |  1.4
Stealth        | 1 |  1.4
Shields        | 1 |  1.4
Evocations     | 1 |  1.4
Conjurations   | 1 |  1.1
Hexes          | 1 |  1.1
Summonings     | 1 |  1.1
Necromancy     | 1 |  1.1
Translocations | 1 |  1.1
Fire Magic     | 1 |  1.1
Ice Magic      | 1 |  1.1
Air Magic      | 1 |  1.1
Earth Magic    | 1 |  1.1
Poison Magic   | 1 |  1.1
Fighting       | |  2.9
Dodging        | |  4.7
Unarmed Combat | |  6.6
Transmutations | |  3.9

Action                   |  1- 3 |  4- 6 || total
-------------------------+-------+-------++-------
Melee: Unarmed           |    24 |       ||    24
       Kick              |    14 |    13 ||    27
       Punch             |     4 |     5 ||     9
       Headbutt          |     3 |     9 ||    12
       Bite              |     3 |     8 ||    11
       Short sword       |    58 |    88 ||   146
 Cast: Beastly Appendage |    10 |    11 ||    21
  Use: Potion            |       |     9 ||     9
       Scroll            |       |     8 ||     8
 Stab: Sleeping          |       |     1 ||     1
Armor: Robe              |    13 |    16 ||    29
       Skin              |       |     8 ||     8
Dodge: Dodged            |    73 |    46 ||   119
Block: Other             |     2 |    24 ||    26
       Reflection        |       |     1 ||     1
